 Dungeon Crawl Stone Soup version 0.27-a0-797-g27d10ad80f (webtiles) character file.

Game seed: 4334163798509807052

246 porpoise the Ruffian (level 5, -23/45 HPs)
             Began as a Troll Hedge Wizard on Mar 27, 2021.
             Annihilated by an ogre
             ... wielding a +0 giant spiked club
              (26 damage)
             ... on level 4 of the Dungeon.
             The game lasted 00:07:18 (2924 turns).

porpoise the Ruffian (Troll Hedge Wizard)           Turns: 2924, Time: 00:07:18

Health: -23/45     AC:  4    Str: 24    XL:     5   Next: 84%
Magic:  7/7        EV:  9    Int: 11    God:
Gold:   122        SH:  0    Dex:  9    Spells: 5/8 levels left

rFire    . . .     SeeInvis .     - Unarmed
rCold    . . .     Faith    .   (no shield)
rNeg     . . .     Spirit   .   b - +0 robe
rPois    .         Reflect  .   c - +0 hat
rElec    .         Harm     .   (no cloak)
rCorr    .         Rampage  .   (gloves unavailable)
Will     .....                  (boots unavailable)
Stlth    +.........             (no amulet)
HPRegen  1.15/turn              g - +6 ring of strength
MPRegen  0.10/turn              (no ring)

@: no status effects
A: large, unfitting armour, claws 3, regeneration 1, shaggy fur 1, tough skin 1
a: no special abilities


You were on level 4 of the Dungeon.
You visited 1 branch of the dungeon, and saw 5 of its levels.

You collected 122 gold pieces.

Inventory:

Missiles
 e - 4 boomerangs (quivered)
 h - 13 arrows
 i - 31 bolts
 m - 38 stones
Armour
 b - a +0 robe (worn)
 c - a +0 hat (worn)
Jewellery
 g - a +6 ring of strength (left claw)
 l - a ring of ice
Scrolls
 d - 6 scrolls of identify {unknown}
 j - a scroll of holy word {unknown}
 k - 3 scrolls of teleportation {unknown}
 n - 2 scrolls of brand weapon {unknown}
Potions
 a - a potion of flight {unknown}
 f - a potion of might {unknown}


   Skills:
 - Level 1.5 Dodging
 - Level 1.0 Stealth
 + Level 5.7 Unarmed Combat
 - Level 2.0 Spellcasting
 - Level 0.6 Conjurations
 - Level 0.6 Summonings
 - Level 0.6 Translocations


You had 5 spell levels left.
You knew the following spells:

 Your Spells              Type           Power      Damage    Failure   Level
a - Magic Dart            Conj           8%         1d3       22%         1
k - Blink                 Tloc           N/A        N/A       34%         2

Your spell library contained the following spells:

 Spells                   Type           Power      Damage    Failure   Level
 Call Imp                 Summ           2%         N/A       34%         2
 Slow                     Hex            1%         N/A       41%         2
 Conjure Flame            Conj/Fire      1%         6-21      61%         3
 Mephitic Cloud           Conj/Pois/Air  1%         N/A       63%         3


Dungeon Overview and Level Annotations

Branches:
Dungeon (5/15)
 Temple: D:4-7

Altars:
Qazlal
Ru
Sif Muna
Wu Jian


Innate Abilities, Weirdness & Mutations

You are too large for most types of armour.
You have claws for hands.
Your natural rate of healing is unusually fast.
You are covered in fur. (AC +1)
You have tough skin. (AC +1)


Message History

The ice beast is severely wounded.
The ice beast closely misses you.
You claw the ice beast!
You kill the ice beast!
n - 2 scrolls labelled NUDAJ KISION
There is a stone staircase leading up here.
You climb upwards.
An ogre comes into view. It is wielding a +0 giant spiked club.
The ogre shouts!
You hear an angry hiss.
Found 12 stones.
There is a stone staircase leading down here.
Unknown command.
You claw the ogre!
The ogre is heavily wounded.
The ogre misses you.
You scratch the ogre.
The ogre is severely wounded.
You scratch the ogre.
The ogre is severely wounded.
The ogre hits you with a +0 giant spiked club!
You closely miss the ogre.
The ogre is severely wounded.
The ogre barely misses you.
An iguana comes into view.
You closely miss the ogre.
The ogre is severely wounded.
The iguana hisses angrily.
The ogre hits you with a +0 giant spiked club!
You are too injured to fight recklessly!
You scratch the ogre.
The ogre is severely wounded.
The ogre barely misses you.
You scratch the ogre.
The ogre is almost dead.
The ogre hits you with a +0 giant spiked club!!
* * * LOW HITPOINT WARNING * * *
You can't go up here!
The ogre hits you with a +0 giant spiked club!!
Ouch! That really hurt!
You die...

####.#...
#@.l.....
#.O..####
#........
#.(..#...
#........
#....#...
#####....
####


You could see an ogre and an iguana.

Vanquished Creatures
  A necrophage (D:5)
  An ice beast (D:5)
  Terence (D:3)
  An adder (D:3)
  2 dart slugs (D:1)
  4 orcs (D:3)
  2 endoplasms (D:2)
  5 giant cockroaches
  4 hobgoblins
  4 kobolds
  3 ball pythons
  3 bats
  A frilled lizard (D:1)
  3 goblins
  4 rats
39 creatures vanquished.

Notes
Turn   | Place    | Note
-------+----------+-------------------------------------------
     0 | D:1      | porpoise the Troll Hedge Wizard began the quest for the
                  | Orb.
     0 | D:1      | Reached XP level 1. HP: 16/16 MP: 2/2
   229 | D:1      | Reached skill level 1 in Unarmed Combat
   597 | D:1      | Reached XP level 2. HP: 20/24 MP: 4/4
   723 | D:1      | Reached skill level 2 in Unarmed Combat
  1856 | D:2      | Found a stormy altar of Qazlal.
  2056 | D:2      | Found a sacrificial altar of Ru.
  2142 | D:2      | Reached XP level 3. HP: 31/31 MP: 5/5
  2145 | D:2      | Learned a level 2 spell: Blink
  2257 | D:2      | Found a shimmering blue altar of Sif Muna.
  2313 | D:3      | Reached skill level 3 in Unarmed Combat
  2346 | D:3      | Found an ornate altar of the Wu Jian Council.
  2575 | D:3      | Noticed Terence
  2585 | D:3      | Killed Terence
  2586 | D:3      | Reached XP level 4. HP: 27/39 MP: 6/6
  2779 | D:3      | You fall into a shaft and drop 2 floors!
  2779 | D:5      | Entered Level 5 of the Dungeon
  2780 | D:5      | Noticed a necrophage
  2791 | D:5      | Killed a necrophage
  2792 | D:5      | Reached skill level 5 in Unarmed Combat
  2792 | D:5      | Reached XP level 5. HP: 45/45 MP: 7/7
  2896 | D:5      | Noticed an ice beast
  2907 | D:5      | Killed an ice beast
  2915 | D:4      | Noticed an ogre
  2923 | D:4      | HP: 2/45 [ogre/+0 giant spiked club (20)]
  2924 | D:4      | Annihilated by an ogre

Illustrated notes

Levels and vault maps discovered:
D:1:      dpeg_arrival_ternary, layout_basic, hangedman_abyss_or_decor_stabs,
          wad_floor_pattern_untrapped
D:2:      layout_rooms, lemuel_doored_altar, lemuel_blue_sif_altar,
          nicolae_qazlal_eye_of_the_storm
D:3:      layout_basic, general_overflow_altar, uniq_terence, uniq_jessica
D:4:      gammafunk_wand_slinger, layout_rooms,
          grunt_temple_overflow_forces_of_nature, lemuel_coloured_pillars_altar,
          dk_noncrumbling_3
D:5:      layout_loops_ring, zin_academy, minmay_stone_trees_small,
          grunt_ministairs_1

Skill      XL: |  1  2  3  4 |
---------------+-------------+-----
Unarmed Combat | 1 2 3 5 |  5.7
Dodging        | |  1.5
Stealth        | |  1.0
Spellcasting   | |  2.0
Conjurations   | |  0.6
Summonings     | |  0.6
Translocations | |  0.6

Action                   |  1- 3 |  4- 6 || total
-------------------------+-------+-------++-------
Melee: Unarmed           |    84 |    33 ||   117
       Punch             |     2 |       ||     2
Throw: Boomerang         |    25 |       ||    25
 Stab: Sleeping          |     1 |       ||     1
Armor: Robe              |    17 |    10 ||    27
Dodge: Dodged            |    35 |    13 ||    48

Table legend: (Time is in decaauts)
 A = Elapsed time spent in this place.
 B = Non-inter-level travel time spent in this place.
 C = Inter-level travel time spent in this place.
 D = Time resting spent in this place.
 E = Time spent auto-exploring this place.
 F = Levels seen in this place.
 G = Mean time per level.
                   A        B        C        D        E       F      G
               +--------+--------+--------+--------+--------+-----+--------+
         Total |   2924 |   2861 |     63 |    962 |   1601 |   5 |  584.8 |
       Dungeon |   2924 |   2861 |     63 |    962 |   1601 |   5 |  584.8 |
               +--------+--------+--------+--------+--------+-----+--------+

Top non-repeatable levels by time:
     D:1: 1649 daAuts
     D:2: 646 daAuts
     D:3: 486 daAuts
     D:5: 134 daAuts
     D:4: 8 daAuts
